 Dungeon Crawl Stone Soup version 0.17-a0-1718-g72dbe4d (webtiles) character file.

105 achirane the Conjurer (level 4, -1/39 HPs)
             Began as a Naga Wizard on Aug 25, 2015.
             Slain by a scorpion (7 damage)
             ... on level 3 of the Dungeon.
             The game lasted 00:14:26 (3140 turns).

achirane the Conjurer (Naga Wizard)                 Turns: 3140, Time: 00:14:26

Health: -1/39      AC:  4    Str:  9    XL:     4   Next: 83%
Magic:  0/8        EV:  9    Int: 19    God:
Gold:   111        SH:  0    Dex: 10    Spells: 4 memorised, 1 level left

rFire  . . .     SeeInvis +     k - +0 short sword
rCold  . . .     Clarity  .     j - +2 robe {MR+}
rNeg   . . .     SustAt   .     (no shield)
rPois  +         Gourm    .     b - +0 hat
rElec  .         Spirit   .     (no cloak)
rCorr  .         Warding  .     (no gloves)
rMut   .         Stasis   .     (no barding)
MR     +....                    (no amulet)
Stlth  ++........               (no ring)
                                (no ring)

@: very slightly contaminated, very slow, somewhat resistant to hostile
enchantments, unstealthy
A: see invisible, deformed body, poison resistance, slowness 2, slow metabolism
1, spit poison 2, AC +1
a: Spit Poison


You were on level 3 of the Dungeon.
You were hungry.

You visited 1 branch of the dungeon, and saw 3 of its levels.

You collected 111 gold pieces.

Inventory:

Hand weapons
 k - a +0 short sword (weapon)
Missiles
 e - 6 tomahawks of returning (quivered)
Armour
 b - a +0 hat (worn)
 j - a +2 robe of magic resistance (worn)
Magical devices
 s - a wand of teleportation (3)
 u - a wand of fireball (5)
Scrolls
 a - a scroll of fear {unknown}
 f - 4 scrolls of identify {unknown}
 n - 3 scrolls of remove curse {unknown}
 o - a scroll of magic mapping {unknown}
 r - a scroll of teleportation {unknown}
 v - a scroll of enchant weapon {unknown}
Potions
 g - a potion of agility {unknown}
 h - 2 potions of brilliance {unknown}
 i - a potion of might {unknown}
 l - a potion of haste {unknown}
 p - a potion of heal wounds {unknown}
 q - a potion of flight {unknown}
 t - a potion of curing
Books
 c - a book of Minor Magic

   Spells                             Type                      Level
   a - Magic Dart                     Conjuration                  1
   b - Blink                          Translocation                2
   c - Call Imp                       Summoning                    2
   d - Repel Missiles                 Charms/Air                   2
   e - Slow                           Hexes                        2
   f - Conjure Flame                  Conjuration/Fire             3
   g - Mephitic Cloud                 Conjuration/Poison/Air       3
Comestibles
 d - 2 bread rations
 m - 2 meat rations


   Skills:
 + Level 1.8 Fighting
 - Level 1.5 Dodging
 - Level 3.0 Stealth
 - Level 3.0 Spellcasting
 - Level 3.9 Conjurations
   Level 1.0 Summonings
 - Level 1.0 Translocations


You had one spell level left.
You knew the following spells:

 Your Spells              Type           Power        Failure   Level  Hunger
a - Magic Dart            Conj           ###.         3%          1    None
b - Mephitic Cloud        Conj/Pois/Air  #.......     28%         3    ###....
c - Blink                 Tloc           N/A          17%         2    ##.....
d - Repel Missiles        Chrm/Air       #.....       24%         2    ##.....


Dungeon Overview and Level Annotations

Branches:
Dungeon (3/15)

Altars:


Innate Abilities, Weirdness & Mutations

You cannot wear boots.
Your serpentine skin is tough (AC +1).
You have supernaturally acute eyesight.
Armour fits poorly on your strangely shaped body.
Your system is resistant to poisons.
You cover ground very slowly.
You have a slow metabolism.
You can spit poison.


Message History

Aiming: Magic Dart
Press: ? - help, Shift-Dir - straight line, f/p - scorpion
Aim: a scorpion (heavily wounded)
The magic dart hits the scorpion.
The scorpion is heavily wounded.
The scorpion stings you.
You closely miss the scorpion.
The scorpion is heavily wounded.
The scorpion stings you!
You hit the scorpion but do no damage.
The scorpion is heavily wounded.
The scorpion barely misses you.
You hit the scorpion but do no damage.
The scorpion is heavily wounded.
The scorpion stings you!
* * * LOW HITPOINT WARNING * * *
You hit the scorpion but do no damage.
The scorpion is heavily wounded.
The scorpion closely misses you. The scorpion stings you!
You die...

#.# #.# #+# #.# #.# #.#
## #.# #.# .. ##.## #.#
##.##...### #.#
#.........########.#
..##...#......@s..#
##)############# #.# #.#
#.# #.# ##########
#######.# #........#
......#.#######.######.#
#####........##.# #.#


You could see a scorpion.

Vanquished Creatures
  Natasha (thrice) (D:2)
  3 adders
  An ooze (D:1)
  A worm (D:3)
  A giant gecko (D:2)
  5 giant cockroaches
  2 goblins (D:2)
  7 hobgoblins
  4 kobolds
  5 bats
  2 giant newts
  5 rats
39 creatures vanquished.

Vanquished Creatures (others)
  A plant (D:3)
1 creature vanquished.

Grand Total: 40 creatures vanquished

Notes
Turn   | Place    | Note
--------------------------------------------------------------
     0 | D:1      | achirane the Naga Wizard began the quest for the Orb.
     0 | D:1      | Reached XP level 1. HP: 15/15 MP: 4/4
   632 | D:1      | Reached XP level 2. HP: 22/22 MP: 4/6
  1252 | D:1      | Reached XP level 3. HP: 15/28 MP: 0/7
  1425 | D:2      | Learned a level 3 spell: Mephitic Cloud
  1428 | D:2      | Learned a level 2 spell: Blink
  1431 | D:2      | Learned a level 2 spell: Repel Missiles
  1527 | D:2      | Found a faded altar to an unknown god.
  1528 | D:2      | Noticed Natasha
  1541 | D:2      | HP: 1/28 [Natasha (6)]
  1544 | D:2      | Killed Natasha
  1950 | D:2      | Reached XP level 4. HP: 36/36 MP: 6/8
  1988 | D:2      | Noticed Natasha
  2220 | D:2      | Killed Natasha
  2223 | D:2      | Noticed Natasha
  2238 | D:2      | Killed Natasha
  2238 | D:2      | Reached skill level 1 in Fighting
  3140 | D:3      | Slain by a scorpion

Vault maps used:
D:1:      erik_arrival_triangle_large, hangedman_glass_teeth, dk_noncrumbling_4
D:2:      ecumenical_altar_1, grunt_ministairs_7, feat_on_display, uniq_natasha
D:3:      fountainhead, serial_bayou_pond_a, uniq_robin, uniq_jessica

Action                   |  1- 3 |  4- 6 || total
-------------------------+-------+-------++-------
Melee: Club              |    12 |       ||    12
       Short sword       |     7 |    16 ||    23
 Cast: Magic Dart        |    61 |    55 ||   116
       Mephitic Cloud    |       |     1 ||     1
 Stab: Sleeping          |     1 |     2 ||     3
  Eat: Chunk             |     2 |     2 ||     4
